PBL
KELOWNA HEAT @ COLORADO AVALANCHE
07/30/2044
 
TOP OF THE 1ST
Kelowna Heat batting - Pitching for Colorado Avalanche : RHP Kevin McKasson
Pitching: RHP Kevin McKasson
Batting: RHB Miguel Gonzalez 0-0: Ball
1-0: Swinging Strike
1-1: Foul Ball, location: 2F
1-2: Foul Ball, location: 2F
1-2: Fly out, F9 (Flyball, 89XD, EV 91.9 MPH)
Batting: RHB Sadataka Kuwahara 0-0: Ball
1-0: Fly out, F3 (Popup, 34S, EV 71.2 MPH)
Batting: LHB Chris West 0-0: Fly out, F5 (Popup, 5S, EV 72.5 MPH)
Top of the 1st over - 0 runs, 0 hits, 0 errors, 0 left on base; Kelowna 0 - Colorado 0
BOTTOM OF THE 1ST
Colorado Avalanche batting - Pitching for Kelowna Heat : RHP Dan Giles
Pitching: RHP Dan Giles
Batting: RHB Kevin Tangeman 0-0: Called Strike
0-1: Fly out, F8 (Line Drive, 8RD, EV 90.0 MPH)
Batting: LHB Paul McClintock 0-0: Called Strike
0-1: Swinging Strike
0-2: SINGLE (Flyball, 56D, EV 91.9 MPH)
Batting: RHB Ray Insley 0-0: Foul Ball, location: 2F
0-1: Foul Ball, location: 2F
0-2: Fly out, F9 (Flyball, 89S, EV 96.2 MPH)
Batting: RHB John Corfield 0-0: Fly out, F7 (Flyball, 78D, EV 92.5 MPH)
Bottom of the 1st over - 0 runs, 1 hit, 0 errors, 1 left on base; Kelowna 0 - Colorado 0
TOP OF THE 2ND
Kelowna Heat batting - Pitching for Colorado Avalanche : RHP Kevin McKasson
Batting: LHB Steve Nevis 0-0: Ball
1-0: Called Strike
1-1: Called Strike
1-2: Ball
2-2: Ball
3-2: TRIPLE (Flyball, 8LD, EV 83.8 MPH)
Batting: RHB Billy Pranger 0-0: Called Strike
0-1: Swinging Strike
0-2: Foul Ball, location: 2F
0-2: Fly out, F7 (Line Drive, 7D, EV 93.1 MPH)
Runner from 3rd tags up, SCORES, throw by LF
Batting: RHB Malik Sharpless 0-0: Fly out, F8 (Line Drive, 8RM, EV 106.9 MPH)
Batting: RHB Josh Truell 0-0: Called Strike
0-1: Fly out, F8 (Line Drive, 8RD, EV 105.0 MPH)
Top of the 2nd over - 1 run, 1 hit, 0 errors, 0 left on base; Kelowna 1 - Colorado 0
BOTTOM OF THE 2ND
Colorado Avalanche batting - Pitching for Kelowna Heat : RHP Dan Giles
Batting: LHB Daniel Green 0-0: Ball
1-0: Ball
2-0: Ball
3-0: Called Strike
3-1: Foul Ball, location: 2F
3-2: Ground out 6-3 (Groundball, 6, EV 85.6 MPH)
Batting: RHB Bob Hayes 0-0: Swinging Strike
0-1: Foul Ball, location: 2F
0-2: Ball
1-2: Fly out, F8 (Flyball, 8LXD, EV 89.4 MPH)
Batting: RHB Chris Kinder 0-0: Ball
1-0: Foul Ball, location: 2F
1-1: Swinging Strike
1-2: Foul Ball, location: 2F
1-2: Ground out 1-3 (Groundball, 15S, EV 68.8 MPH)
Bottom of the 2nd over - 0 runs, 0 hits, 0 errors, 0 left on base; Kelowna 1 - Colorado 0
TOP OF THE 3RD
Kelowna Heat batting - Pitching for Colorado Avalanche : RHP Kevin McKasson
Batting: LHB Takaaki Nishimoto 0-0: Ball
1-0: Called Strike
1-1: Called Strike
1-2: Ball
2-2: Ground out 4-3 (Groundball, 4, EV 88.1 MPH)
Batting: RHB Dave Putnam 0-0: Called Strike
0-1: Foul Ball, location: 2F
0-2: Ball
1-2: SINGLE (Groundball, 6MD, EV 103.1 MPH)
Batting: RHB Miguel Gonzalez 0-0: Called Strike
0-1: Fly out, F4 (Popup, 34D, EV 74.4 MPH)
Batting: RHB Sadataka Kuwahara 0-0: Foul Ball, location: 2F
0-1: Ball
1-1: Called Strike
1-2: Ball
2-2: Ball
3-2: Fly out, F8 (Flyball, 8RXD, EV 110.0 MPH)
Top of the 3rd over - 0 runs, 1 hit, 0 errors, 1 left on base; Kelowna 1 - Colorado 0
BOTTOM OF THE 3RD
Colorado Avalanche batting - Pitching for Kelowna Heat : RHP Dan Giles
Batting: RHB Maurice Moore 0-0: SINGLE (Groundball, 6D, EV 105.6 MPH)
Batting: SHB Craig Ruzic 0-0: Called Strike
0-1: Foul Ball, location: 2F
0-2: Foul Ball, location: 2F
0-2: Foul Ball, location: 2F
0-2: Ball
Passed Ball!
Maurice Moore to second
1-2: Ball
2-2: Strikes out swinging
Batting: RHB Kevin Tangeman 0-0: Ball
1-0: Foul Ball, location: 2F
1-1: Called Strike
1-2: Ball
2-2: Ball
3-2: Fly out, F7 (Flyball, 7LS, EV 88.1 MPH)
Batting: LHB Paul McClintock 0-0: Called Strike
0-1: Ball
1-1: DOUBLE (Line Drive, 89D, EV 109.4 MPH)
Maurice Moore scores
Batting: RHB Ray Insley 0-0: Ball
1-0: Foul Ball, location: 2F
1-1: Ground out 6-3 (Groundball, 6, EV 80.0 MPH)
Bottom of the 3rd over - 1 run, 2 hits, 0 errors, 1 left on base; Kelowna 1 - Colorado 1
TOP OF THE 4TH
Kelowna Heat batting - Pitching for Colorado Avalanche : RHP Kevin McKasson
Batting: LHB Chris West 0-0: SINGLE (Groundball, 3D, EV 103.8 MPH)
Batting: LHB Steve Nevis 0-0: Called Strike
Chris West is caught stealing 2nd base 2-6
0-1: Fly out, F6 (Flyball, 6D, EV 86.9 MPH)
Batting: RHB Billy Pranger 0-0: Foul Ball, location: 2F
0-1: Ball
1-1: Foul Ball, location: 2F
1-2: Fly out, F9 (Flyball, 9LD, EV 103.8 MPH)
Top of the 4th over - 0 runs, 1 hit, 0 errors, 0 left on base; Kelowna 1 - Colorado 1
BOTTOM OF THE 4TH
Colorado Avalanche batting - Pitching for Kelowna Heat : RHP Dan Giles
Batting: RHB John Corfield 0-0: Ball
1-0: Ball
2-0: Ball
3-0: Base on Balls
Batting: LHB Daniel Green 0-0: Ball
1-0: SINGLE (Flyball, 9S, EV 85.0 MPH)
John Corfield to second
Throwing error, E9
John Corfield scores
Daniel Green to second
Batting: RHB Bob Hayes 0-0: Called Strike
0-1: Foul Ball, location: 2F
0-2: Ball
1-2: Ground out 4-3 (Groundball, 4, EV 106.9 MPH)
Daniel Green to third
Batting: RHB Chris Kinder 0-0: Foul Ball, location: 2F
0-1: Foul Ball, location: 2F
0-2: Foul Ball, location: 2F
0-2: Ball
1-2: Ball
Wild Pitch!
Daniel Green scores
2-2: Fly out, F9 (Flyball, 9LS, EV 90.0 MPH)
Batting: RHB Maurice Moore 0-0: Foul Ball, location: 2F
0-1: SINGLE (Line Drive, 7LS, EV 105.0 MPH)
Batting: SHB Craig Ruzic 0-0: Ball
1-0: Fly out, F7 (Flyball, 7, EV 83.8 MPH)
Bottom of the 4th over - 2 runs, 2 hits, 1 error, 1 left on base; Kelowna 1 - Colorado 3
TOP OF THE 5TH
Kelowna Heat batting - Pitching for Colorado Avalanche : RHP Kevin McKasson
Batting: RHB Malik Sharpless 0-0: Called Strike
0-1: SINGLE (Groundball, 4MD, EV 106.9 MPH)
Batting: RHB Josh Truell 0-0: Called Strike
0-1: Ball
Passed Ball!
Malik Sharpless to second
1-1: Foul Ball, location: 2F
1-2: Ball
Wild Pitch!
Malik Sharpless to third
2-2: SINGLE (Groundball, 6S, EV 66.9 MPH) (infield hit)
Malik Sharpless scores
Batting: LHB Takaaki Nishimoto 0-0: Ball
1-0: Ball
2-0: Ball
Balk!
Josh Truell to second
3-0: Base on Balls
Batting: RHB Dave Putnam 0-0: SINGLE (Flyball, 6MD, EV 91.2 MPH)
Josh Truell to third
Takaaki Nishimoto to second
Batting: RHB Miguel Gonzalez 0-0: Called Strike
0-1: Foul Ball, location: 2F
0-2: Ball
1-2: Ball
2-2: Foul Ball, location: 2F
2-2: Hit by Pitch
Josh Truell scores
Takaaki Nishimoto to third
Dave Putnam to second
Pitching: RHP Josh Lofgreen
Batting: RHB Sadataka Kuwahara 0-0: Ball
1-0: Foul Ball, location: 2F
1-1: Fielders Choice at 2nd, 3-6 (Groundball, 3, EV 87.5 MPH)
Takaaki Nishimoto scores
Dave Putnam to third
Batting: LHB Chris West 0-0: Grounds into double play, 4-6-3 (Groundball, 4, EV 90.0 MPH)
Top of the 5th over - 3 runs, 3 hits, 0 errors, 1 left on base; Kelowna 4 - Colorado 3
BOTTOM OF THE 5TH
Colorado Avalanche batting - Pitching for Kelowna Heat : RHP Dan Giles
Batting: RHB Kevin Tangeman 0-0: SINGLE (Groundball, 6MD, EV 100.6 MPH)
Batting: LHB Paul McClintock 0-0: Ball
Kevin Tangeman steals 2nd base (no throw)
1-0: Called Strike
1-1: SINGLE (Line Drive, 9S, EV 106.9 MPH)
Kevin Tangeman to third
Runner from 3rd tries for Home, SAFE, throw by RF to home
Batting: RHB Ray Insley 0-0: Called Strike
0-1: SINGLE (Groundball, 56D, EV 100.0 MPH)
Paul McClintock to second
Batting: RHB John Corfield 0-0: Swinging Strike
Passed Ball!
Paul McClintock to third
Ray Insley to second
0-1: Ball
1-1: Ball
2-1: Foul Ball, location: 2F
2-2: Foul Ball, location: 2F
2-2: Strikes out looking
Pitching: RHP Rory Bornt
Batting: LHB Daniel Green 0-0: Ball
1-0: Called Strike
1-1: Ball
Passed Ball!
Paul McClintock scores
Ray Insley to third
2-1: Foul Ball, location: 2F
2-2: Foul Ball, location: 2F
2-2: SINGLE (Line Drive, 4D, EV 101.2 MPH)
Ray Insley scores
Batting: RHB Bob Hayes 0-0: Called Strike
0-1: Called Strike
Daniel Green is caught stealing 2nd base 2-4
0-2: Strikes out swinging, 2-3 out at first.
Bottom of the 5th over - 3 runs, 4 hits, 0 errors, 0 left on base; Kelowna 4 - Colorado 6
TOP OF THE 6TH
Kelowna Heat batting - Pitching for Colorado Avalanche : RHP Josh Lofgreen
Batting: LHB Steve Nevis 0-0: Called Strike
0-1: Swinging Strike
0-2: DOUBLE (Line Drive, 78M, EV 95.0 MPH)
Batting: RHB Billy Pranger 0-0: Called Strike
0-1: Ball
1-1: Ground out 6-3 (Groundball, 6, EV 101.2 MPH)
Batting: RHB Malik Sharpless 0-0: Ball
1-0: Foul Ball, location: 2F
1-1: Fly out, F6 (Flyball, 6D, EV 78.8 MPH)
Batting: RHB Josh Truell 0-0: Ball
1-0: Ball
2-0: Ball
3-0: Base on Balls
Batting: LHB Takaaki Nishimoto 0-0: Ground out 4-3 (Groundball, 4, EV 104.4 MPH)
Top of the 6th over - 0 runs, 1 hit, 0 errors, 2 left on base; Kelowna 4 - Colorado 6
BOTTOM OF THE 6TH
Colorado Avalanche batting - Pitching for Kelowna Heat : RHP Rory Bornt
Batting: RHB Chris Kinder 0-0: Foul Ball, location: 2F
0-1: Foul Ball, location: 2F
0-2: Ball
1-2: Strikes out looking
Batting: RHB Maurice Moore 0-0: Called Strike
0-1: Ball
1-1: Ball
2-1: Foul Ball, location: 2F
2-2: Foul Ball, location: 2F
2-2: Fly out, F8 (Flyball, 8LD, EV 86.2 MPH)
Batting: SHB Craig Ruzic 0-0: Ball
1-0: Called Strike
1-1: Swinging Strike
1-2: Strikes out looking
Bottom of the 6th over - 0 runs, 0 hits, 0 errors, 0 left on base; Kelowna 4 - Colorado 6
TOP OF THE 7TH
Kelowna Heat batting - Pitching for Colorado Avalanche : RHP Josh Lofgreen
Batting: RHB Dave Putnam 0-0: Ball
1-0: Ball
2-0: Foul Ball, location: 2F
2-1: Foul Ball, location: 2F
2-2: Foul Ball, location: 2F
2-2: Ground out 5-3 (Groundball, 5, EV 91.2 MPH)
Batting: RHB Miguel Gonzalez 0-0: Ball
1-0: Ball
2-0: Foul Ball, location: 2F
2-1: SINGLE (Line Drive, 78S, EV 112.5 MPH)
Batting: RHB Sadataka Kuwahara 0-0: Swinging Strike
0-1: Called Strike
Miguel Gonzalez steals 2nd base
0-2: Ball
1-2: Ball
2-2: Foul Ball, location: 2F
2-2: Foul Ball, location: 2F
2-2: Ball
3-2: 2-RUN HOME RUN (Flyball, 9D, EV 100.0 MPH), Distance : 377 ft
Batting: LHB Chris West 0-0: Ball
1-0: Foul Ball, location: 2F
1-1: Ball
2-1: Swinging Strike
2-2: Foul Ball, location: 2F
2-2: Ball
3-2: Base on Balls
Batting: LHB Steve Nevis 0-0: Called Strike
0-1: Ball
1-1: Called Strike
1-2: Foul Ball, location: 2F
1-2: Ball
2-2: Ball
3-2: Foul Ball, location: 2F
3-2: Base on Balls
Chris West to second
Batting: RHB Billy Pranger 0-0: SINGLE (Flyball, 8LS, EV 92.5 MPH)
Chris West to third
Steve Nevis to second
Runner from 3rd tries for Home, SAFE, throw by CF to home
Batting: RHB Malik Sharpless 0-0: Ball
1-0: Swinging Strike
1-1: Fly out, F8 (Flyball, 89D, EV 85.0 MPH)
Runner from 2nd tags up, SAFE at 3rd, no throw by CF
Batting: RHB Josh Truell 0-0: Ball
1-0: Foul Ball, location: 2F
1-1: Foul Ball, location: 2F
1-2: Ball
2-2: Ball
3-2: SINGLE (Groundball, 6MS, EV 70.6 MPH) (infield hit)
Steve Nevis scores
Billy Pranger to second
Pitching: RHP Matviy Oliynyk
Batting: LHB Takaaki Nishimoto 0-0: Ball
1-0: Ball
2-0: Called Strike
2-1: SINGLE (Groundball, 56D, EV 94.4 MPH)
Billy Pranger to third
Josh Truell to second
Runner from 3rd tries for Home, SAFE, throw by LF to home
Batting: RHB Dave Putnam 0-0: Ball
1-0: Ball
2-0: Called Strike
2-1: Fly out, F7 (Flyball, 7LD, EV 106.9 MPH)
Top of the 7th over - 5 runs, 5 hits, 0 errors, 2 left on base; Kelowna 9 - Colorado 6
BOTTOM OF THE 7TH
Colorado Avalanche batting - Pitching for Kelowna Heat : RHP Rory Bornt
Pitching: RHP Chance Robinson
Batting: RHB Kevin Tangeman 0-0: Called Strike
0-1: Ball
1-1: Ball
2-1: Foul Ball, location: 2F
2-2: Ground out 6-3 (Groundball, 6MD, EV 81.2 MPH)
Batting: LHB Paul McClintock 0-0: Foul Ball, location: 2F
0-1: Swinging Strike
0-2: SINGLE (Line Drive, 8LS, EV 99.4 MPH)
Batting: RHB Ray Insley 0-0: Called Strike
0-1: Ball
1-1: Ball
2-1: Foul Ball, location: 2F
2-2: Foul Ball, location: 2F
2-2: Fly out, F3 (Popup, 3L, EV 59.4 MPH)
Batting: RHB John Corfield 0-0: Ground out 4-3 (Groundball, 34, EV 82.5 MPH)
Bottom of the 7th over - 0 runs, 1 hit, 0 errors, 1 left on base; Kelowna 9 - Colorado 6
TOP OF THE 8TH
Kelowna Heat batting - Pitching for Colorado Avalanche : RHP Matviy Oliynyk
Batting: RHB Miguel Gonzalez 0-0: Called Strike
0-1: Ball
1-1: Ball
2-1: Foul Ball, location: 2F
2-2: Foul Ball, location: 2F
2-2: Ground out 6-3 (Groundball, 6, EV 83.8 MPH)
Batting: RHB Sadataka Kuwahara 0-0: Ball
1-0: Ball
2-0: Ball
3-0: Called Strike
3-1: Ground out 6-3 (Groundball, 6, EV 83.8 MPH)
Batting: LHB Chris West 0-0: Ball
1-0: Fly out, F7 (Flyball, 78M, EV 79.4 MPH)
Top of the 8th over - 0 runs, 0 hits, 0 errors, 0 left on base; Kelowna 9 - Colorado 6
BOTTOM OF THE 8TH
Colorado Avalanche batting - Pitching for Kelowna Heat : RHP Chance Robinson
Pitching: LHP Sean Binns
Batting: LHB Daniel Green 0-0: SINGLE (Groundball, P, EV 88.1 MPH) (infield hit)
Batting: RHB Bob Hayes 0-0: Ball
Passed Ball!
Daniel Green to second
1-0: Swinging Strike
1-1: Swinging Strike
1-2: Strikes out swinging
Batting: RHB Chris Kinder 0-0: Ball
1-0: Ground out 4-3 (Groundball, 4, EV 85.6 MPH)
Daniel Green to third
Batting: RHB Maurice Moore 0-0: Fly out, F9 (Flyball, 89M, EV 85.0 MPH)
Bottom of the 8th over - 0 runs, 1 hit, 0 errors, 1 left on base; Kelowna 9 - Colorado 6
TOP OF THE 9TH
Kelowna Heat batting - Pitching for Colorado Avalanche : RHP Matviy Oliynyk
Batting: LHB Steve Nevis 0-0: Ball
1-0: Called Strike
1-1: Called Strike
1-2: Ball
2-2: Foul Ball, location: 2F
2-2: Fly out, F8 (Flyball, 8RD, EV 98.8 MPH)
Batting: RHB Billy Pranger 0-0: Fly out, F8 (Flyball, 8RM, EV 90.6 MPH)
Batting: RHB Malik Sharpless 0-0: Called Strike
0-1: Ball
1-1: Called Strike
1-2: SINGLE (Groundball, 56D, EV 97.5 MPH)
Batting: RHB Josh Truell Pickoff Throw to First - Out! 1-3
Top of the 9th over - 0 runs, 1 hit, 0 errors, 0 left on base; Kelowna 9 - Colorado 6
BOTTOM OF THE 9TH
Colorado Avalanche batting - Pitching for Kelowna Heat : LHP Sean Binns
Pitching: RHP Danny MacKinnon
Batting: SHB Craig Ruzic 0-0: Ball
1-0: Swinging Strike
1-1: Swinging Strike
1-2: Ball
2-2: Strikes out looking
Batting: RHB Kevin Tangeman 0-0: Ball
1-0: SINGLE (Groundball, 6M, EV 108.1 MPH) (infield hit)
Batting: LHB Paul McClintock 0-0: Fly out, F8 (Line Drive, 8LM, EV 91.2 MPH)
Batting: RHB Ray Insley 0-0: Ball
1-0: Foul Ball, location: 2F
1-1: SINGLE (Flyball, 5D, EV 87.5 MPH)
Kevin Tangeman to second
Batting: RHB John Corfield 0-0: Ball
1-0: Ball
2-0: Fly out, F9 (Line Drive, 9, EV 88.1 MPH)
Bottom of the 9th over - 0 runs, 2 hits, 0 errors, 2 left on base; Kelowna 9 - Colorado 6
Thursday, March 31st , 2022 - OOTP Baseball 22.12 Build 89